 Dungeon Crawl Stone Soup version 0.18.1-1-g2f07953 (webtiles) character file.

132802 inmateoo the Brawler (level 17, -9/148 HPs)
             Began as a Ghoul Earth Elementalist on May 8, 2016.
             Was the Champion of Cheibriados.
             Killed from afar by Nikola (39 damage)
             ... with a chain lightning
             ... on level 3 of the Snake Pit.
             The game lasted 00:56:55 (28212 turns).

inmateoo the Brawler (Ghoul Earth Elementalist)    Turns: 28212, Time: 00:56:56

Health: -9/148     AC: 23    Str: 40    XL:     17   Next: 13%
Magic:  13/23      EV: 15    Int: 25    God:    Cheibriados [******]
Gold:   1913       SH: 17    Dex: 24    Spells: 3 memorised, 9 levels left

rFire  . . .     SeeInvis +       - Unarmed
rCold  + . .     Gourm    .     P - +4 plate armour
rNeg   + + +     Faith    .     c - +2 shield {reflect}
rPois  ∞         Spirit   .     i - +2 hat
rElec  .         Dismiss  .     h - +2 cloak {+Inv}
rCorr  .         Reflect  +     (no gloves)
SustAt .         Harm     .     (no boots)
MR     +....                    K - amulet of magic regeneration
Stlth  ..........               O - +6 ring of strength
                                r - ring of see invisible

@: rotting, very slow, somewhat resistant to hostile enchantments, extremely
unstealthy
A: rotting body, claws 1, carnivore 3, cold resistance 1, negative energy
resistance 3, slow regeneration 1, torment resistance, unbreathing
a: Bend Time, Temporal Distortion, Slouch, Step From Time, Renounce Religion,
Evoke Invisibility


You were on level 3 of the Snake Pit.
You worshipped Cheibriados.
Cheibriados was exalted by your worship.
You were not hungry.

You visited 5 branches of the dungeon, and saw 29 of its levels.
You also visited: Ice Cave and Volcano.

You collected 2711 gold pieces.
You spent 798 gold pieces at shops.

Inventory:

Missiles
 E - 2 poisoned javelins (quivered)
Armour
 c - a +2 shield of reflection (worn)
 h - a +2 cloak of invisibility (worn)
 i - a +2 hat (worn)
 P - a +4 plate armour (worn)
Jewellery
 r - a ring of see invisible (left claw)
 A - an uncursed ring of wizardry
 F - an uncursed ring of protection from cold
 G - an uncursed ring of protection from fire
 K - an amulet of magic regeneration (around neck)
 N - an uncursed ring of protection from magic
 O - a +6 ring of strength (right claw)
 S - an uncursed ring of resist corrosion
Wands
 a - a wand of paralysis (15/24)
 e - a wand of teleportation (5/9)
 H - a wand of confusion (16/48)
 R - a wand of teleportation (3/9)
 W - a wand of confusion (30/48)
Scrolls
 f - a scroll of enchant armour
 j - 10 scrolls of remove curse
 m - 6 scrolls of magic mapping
 q - 6 scrolls of identify
 s - 6 scrolls of teleportation
 t - 4 scrolls of fear
 v - 5 scrolls of amnesia
 C - 3 scrolls of blinking
 I - 7 scrolls of fog
 T - 4 scrolls of recharging
Potions
 b - 3 potions of resistance
 l - 4 potions of brilliance
 n - a potion of heal wounds
 o - a potion of might
 x - 7 potions of curing
 D - 2 potions of magic
 Q - 6 potions of agility
 U - a potion of invisibility
Miscellaneous
 k - a phantom mirror
 u - a fan of gales
 y - a box of beasts {used: 6}
 B - a box of beasts
 M - a box of beasts
Comestibles
 d - 11 meat rations
 g - 2 royal jellies
 p - 10 slices of pizza
 w - 4 chunks of flesh
 z - 3 beef jerkies


   Skills:
 + Level 12.9 Fighting
   Level 2.1 Maces & Flails
 + Level 9.8 Armour
 - Level 8.0 Dodging
 - Level 2.1 Stealth
 + Level 10.0 Shields
 * Level 18.5 Unarmed Combat
 + Level 4.0 Spellcasting
   Level 0.8 Transmutations
 + Level 2.8 Air Magic
 - Level 3.2 Earth Magic
 - Level 10.0 Invocations
 * Level 6.7 Evocations


You had 9 spell levels left.
You knew the following spells:

 Your Spells              Type           Power        Failure   Level  Hunger
a - Sandblast             Erth           ###...       24%         1    None
b - Lee's Rapid Deconstr  Erth           ###.......   100%        5    #####..
c - Tornado               Air            ###.......   100%        9    #######


Dungeon Overview and Level Annotations

Branches:
Dungeon (15/15)            Temple (1/1) D:7            Lair (8/8) D:9
 Shoals (0/4) Lair:3        Snake (3/4) Lair:6        Slime (0/6) Lair:6
    Orc (2/2) D:10            Elf (0/3) Orc:2        Vaults (0/5) D:14
 Depths (0/5) D:15

Altars:
Ashenzari
Cheibriados
Dithmenos
Elyvilon
Fedhas
Gozag
Kikubaaqudgha
Makhleb
Nemelex Xobeh
Okawaru
Qazlal
Ru
Sif Muna
Trog
Vehumet
Yredelemnul
Zin
The Shining One
Beogh

Shops:
D:8 =   D:9 [   D:10 }!*((   Orc:1 (   Orc:2 }*?!

Annotations:
Snake:1 exclusion: Roxanne, Roxanne
Snake:3 Nikola
Orc:1 6 exclusions


Innate Abilities, Weirdness & Mutations

Your body is rotting away.
You thrive on raw meat.
You are immune to poison.
You have sharp fingernails.
You are carnivorous and can eat meat at any time.
Your flesh is cold resistant.
You are immune to negative energy.
You regenerate slowly when monsters are visible.
You are immune to unholy pain and torment.
You can survive without breathing.


Message History

Nikola mumbles some strange words.
Nikola blinks!
The naga hits you from afar with a halberd!
* * * LOW HITPOINT WARNING * * *
Unknown command.
Unknown command.
Unknown command.
You can feel time thicken for a moment.
You feel somewhat more hungry. The naga spits poison at you.
Your +2 shield of reflection reflects the splash of poison!
The splash of poison hits the naga.
Nikola gestures wildly while chanting.
You hear a mighty clap of thunder!
The lightning arc hits the naga warrior.
The lightning arc hits the naga.
The naga dies!
The lightning arc hits the naga.
The naga dies!
The lightning arc hits you!
You die...

... ..[..# #...#....
###...#....
..#........
.....#....# .#
.#.....@..# ...##
.......H..##.....
.....N###.##... .#
....N§.#@?.#.# .###
...#)).§...# ....#
#.N.....#.##.....
#...........#....
####
#.....#..........
...####..............
....##....@...#.....
####
...###.............
...###
..............#...


You could see Nikola (invisible) and a naga warrior.

Vanquished Creatures
  Rupert (Lair:4)
  Gastronok (Lair:1)
  Kirke (Snake:2)
  A greater naga (Snake:2)
  Maud (Orc:2)
  Donald (Orc:2)
  A dire elephant (D:15)
  10 hydras
  3 naga warriors
  Erica (Lair:1)
  A catoblepas (Lair:8)
  An ogre mage (D:15)
  6 anacondas
  A centaur warrior (D:13)
  2 dancing weapons (D:14)
  The ghost of pedritolo the Grappler, a novice MiTm of Cheibriados (D:9)
  5 death yaks
  An orc high priest (Orc:2)
  A shock serpent (Snake:2)
  5 naga sharpshooters
  A salamander mystic (Snake:2)
  4 sea snakes
  7 hill giants
  A lindwurm (Volcano)
  2 unseen horrors
  An orc knight (D:14)
  3 naga ritualists
  7 mana vipers
  4 orc sorcerers (Orc:2)
  2 deep elf magi
  6 salamanders (Snake:2)
  An oklob plant (Snake:2)
  6 ugly things
  A wolf spider (D:15)
  4 griffons
  2 manticores
  4 cyclopes
  4 centaur zombies
  A toenail golem (Volcano)
  5 elephants (Lair:7)
  A guardian serpent (Snake:3)
  30 black mambas
  17 spiny frogs
  6 naga magi
  2 ice statues (IceCv)
  3 gargoyles (Volcano)
  12 komodo dragons
  A spriggan druid (Lair:8)
  7 trolls
  7 ice devils (IceCv)
  6 polar bears (Lair:8)
  A two-headed ogre (shapeshifter) (D:14)
  A blink frog (Lair:2)
  11 slime creatures
  2 shadows
  11 spriggans (Lair:8)
  6 hogs (Snake:2)
  A hog (shapeshifter) (D:15)
  3 wraiths
  9 wyverns
  4 basilisks
  58 yaks
  A hungry ghost (D:15)
  10 hippogriffs
  2 steam dragons
  4 vampire mosquitoes (D:14)
  25 nagas
  2 soldier ants
  3 wargs (Orc:2)
  20 water moccasins
  3 mottled dragons
  13 porcupines
  2 hell hounds (D:9)
  14 black bears
  12 ice beasts
  4 sky beasts
  4 wasps
  24 orc warriors
  A phantom (D:9)
  3 eyes of draining
  10 ogres
  11 centaurs
  24 wolves
  15 crocodiles
  4 big kobolds
  24 giant frogs
  A wyvern zombie (D:14)
  A water moccasin zombie (D:6)
  5 scorpions
  A water moccasin skeleton (D:9)
  26 wights
  7 howler monkeys
  7 killer bees
  7 electric eels
  11 crimson imps
  6 giant frog zombies
  9 hounds
  A wasp zombie (D:9)
  4 giant frog skeletons
  48 orc wizards
  Crazy Yiuf (D:2)
  29 orc priests
  A quasit (D:8)
  3 jellies
  3 centaur skeletons
  9 iguanas
  12 worker ants
  5 hell rats (Lair:3)
  17 sheep
  2 hound skeletons
  A howler monkey zombie (D:10)
  2 worker ant zombies
  16 adders
  87 river rats
  5 shadow imps
  4 white imps (IceCv)
  5 ufetubi (IceCv)
  2 adder skeletons
  4 worms
  A dart slug (D:1)
  3 giant geckos
  87 orcs
  8 bats
  7 giant cockroaches
  6 goblins
  5 hobgoblins
  16 jackals
  4 quokkas
  3 ball pythons
  A giant newt (D:3)
  10 kobolds
  5 rats
  2 plants
1045 creatures vanquished.

Vanquished Creatures (collateral kills)
  A naga warrior (Snake:3)
1 creature vanquished.

Vanquished Creatures (others)
  2 nagas (Snake:3)
  A crocodile (Lair:1)
  3 river rats (Lair:1)
  2 white imps (IceCv)
  6 ufetubi (IceCv)
  An orc (D:8)
  35 fungi
  16 plants
66 creatures vanquished.

Grand Total: 1112 creatures vanquished

Notes
Turn   | Place    | Note
--------------------------------------------------------------
     0 | D:1      | inmateoo the Ghoul Earth Elementalist began the quest for the Orb.
     0 | D:1      | Reached XP level 1. HP: 14/14 MP: 2/2
    94 | D:1      | Reached skill level 1 in Unarmed Combat
   126 | D:1      | Reached XP level 2. HP: 20/20 MP: 3/3
   282 | D:1      | Reached skill level 2 in Unarmed Combat
   693 | D:2      | Found a faded altar to an unknown god.
   772 | D:2      | Reached XP level 3. HP: 27/27 MP: 4/4
   776 | D:2      | Reached skill level 1 in Fighting
  1249 | D:2      | Reached skill level 3 in Unarmed Combat
  1249 | D:2      | Reached XP level 4. HP: 22/35 MP: 5/5
  1363 | D:2      | Noticed Crazy Yiuf
  1369 | D:2      | Killed Crazy Yiuf
  1369 | D:2      | Reached skill level 1 in Armour
  2518 | D:3      | Reached XP level 5. HP: 29/41 MP: 6/6
  2690 | D:3      | Reached skill level 1 in Shields
  3179 | D:4      | Noticed an ogre
  3267 | D:4      | Reached XP level 6. HP: 47/47 MP: 7/7
  3295 | D:4      | Reached skill level 4 in Unarmed Combat
  3490 | D:4      | Reached XP level 7. HP: 36/57 MP: 8/8
  3969 | D:5      | Entered Level 5 of the Dungeon
  4196 | D:5      | Reached skill level 5 in Unarmed Combat
  4372 | D:5      | Found a burning altar of Makhleb.
  4561 | D:6      | Reached XP level 8. HP: 52/66 MP: 9/9
  5107 | D:6      | Reached skill level 5 in Fighting
  5414 | D:6      | Reached skill level 6 in Unarmed Combat
  5710 | D:7      | Reached skill level 5 in Armour
  5710 | D:7      | Reached XP level 9. HP: 72/73 MP: 10/10
  5719 | D:7      | Found a shadowy altar of Dithmenos.
  5802 | D:7      | Reached skill level 5 in Shields
  5807 | D:7      | Reached skill level 7 in Unarmed Combat
  5976 | D:7      | Found a deep blue altar of Sif Muna.
  5978 | D:7      | Found a white marble altar of Elyvilon.
  5982 | D:7      | Found a glowing silver altar of Zin.
  5982 | D:7      | Found an iron altar of Okawaru.
  5984 | D:7      | Found a sacrificial altar of Ru.
  5985 | D:7      | Found a bloodstained altar of Trog.
  6191 | D:7      | Found a staircase to the Ecumenical Temple.
  6197 | Temple   | Entered the Ecumenical Temple
  6210 | Temple   | Became a worshipper of Cheibriados the Contemplative
  6238 | D:7      | Got a faintly glowing battleaxe
  6248 | D:7      | Identified the cursed +1 battleaxe of the Pit {flame, Int+3} (You found it on level 7 of the Dungeon)
  6458 | D:8      | Found a bloodstained altar of Trog.
  6756 | D:8      | Reached skill level 8 in Unarmed Combat
  6771 | D:8      | Found Hadathac's Jewellery Shoppe.
  6972 | D:8      | Reached * piety under Cheibriados
  6980 | D:8      | Reached skill level 9 in Unarmed Combat
  7027 | D:8      | Noticed a three-headed hydra
  7034 | D:8      | Killed a one-headed hydra
  7034 | D:8      | Reached skill level 10 in Unarmed Combat
  7034 | D:8      | Reached XP level 10. HP: 40/85 MP: 11/11
  7431 | D:9      | Found a staircase to the Lair.
  7517 | D:9      | Found a blossoming altar of Fedhas.
  7527 | D:9      | Reached ** piety under Cheibriados
  7540 | D:9      | Found Komn's Antique Armour Shop.
  7547 | D:9      | Bought a helmet for 99 gold pieces
  7806 | D:9      | Noticed pedritolo's ghost (novice MiTm)
  7830 | D:9      | Killed pedritolo's ghost
  7830 | D:9      | Reached skill level 11 in Unarmed Combat
  8153 | D:9      | Reached *** piety under Cheibriados
  8471 | D:9      | Reached skill level 1 in Invocations
  8481 | D:10     | Entered Level 10 of the Dungeon
  8506 | D:10     | Found Qisiti's General Store.
  8517 | D:10     | Found Foasyid's Distillery.
  8528 | D:10     | Bought a potion of heal wounds for 55 gold pieces
  8591 | D:10     | Found Iwnek's Antique Weapon Shop.
  8668 | D:10     | Reached XP level 11. HP: 77/94 MP: 6/12
  8809 | D:10     | Noticed a hill giant
  8819 | D:10     | Killed a hill giant
  8819 | D:10     | Reached **** piety under Cheibriados
  8870 | D:10     | Found Efoshaf's Weapon Emporium.
  8926 | D:10     | Reached skill level 12 in Unarmed Combat
  9021 | D:10     | Found Hosead's Gadget Shop.
  9110 | D:10     | Reached ***** piety under Cheibriados
  9307 | D:10     | Found a staircase to the Orcish Mines.
  9548 | D:11     | Found a frozen archway.
  9596 | IceCv    | Entered an ice cave
 10597 | IceCv    | Got a translucent demon whip
 10598 | IceCv    | Identified the +10 demon whip of Gluttony {flame, rN+ MR+} (You found it in an ice cave)
 10724 | D:11     | Reached skill level 13 in Unarmed Combat
 10724 | D:11     | Reached XP level 12. HP: 88/100 MP: 14/14
 10724 | D:11     | Reached ****** piety under Cheibriados
 10728 | D:11     | Reached skill level 1 in Maces & Flails
 11291 | D:11     | Reached skill level 5 in Invocations
 11704 | D:12     | HP: 4/104 [slime creature (9)]
 12111 | D:12     | Reached skill level 14 in Unarmed Combat
 12715 | D:13     | Reached XP level 13. HP: 69/111 MP: 16/16
 13761 | D:14     | Reached skill level 10 in Fighting
 14083 | D:14     | Reached skill level 15 in Unarmed Combat
 14161 | D:14     | Found a gate to the Vaults.
 14254 | D:14     | Found a blossoming altar of Fedhas.
 14682 | D:15     | Entered Level 15 of the Dungeon
 15399 | D:15     | Reached XP level 14. HP: 122/122 MP: 19/19
 15440 | D:15     | Found a staircase to the Depths.
 15440 | D:15     | Noticed a dire elephant
 15450 | D:15     | Reached skill level 5 in Dodging
 15452 | D:15     | Killed a dire elephant
 16022 | D:12     | Reached skill level 16 in Unarmed Combat
 16278 | Lair:1   | Entered Level 1 of the Lair of Beasts
 16367 | Lair:1   | Noticed Gastronok
 16378 | Lair:1   | Killed Gastronok
 16616 | Lair:1   | Noticed Erica
 16624 | Lair:1   | Killed Erica
 18613 | Lair:3   | Found a staircase to the Shoals.
 19072 | Lair:4   | Found a dark tunnel.
 19084 | Volcano  | Entered a volcano
 19167 | Lair:4   | Identified a scroll of acquirement
 19334 | Lair:4   | Noticed Rupert
 19347 | Lair:4   | Killed Rupert
 20013 | Lair:5   | Reached XP level 15. HP: 128/132 MP: 21/21
 20274 | Lair:5   | Reached skill level 1 in Evocations
 20392 | Lair:5   | Reached skill level 17 in Unarmed Combat
 20646 | Lair:6   | Found a staircase to the Slime Pits.
 20715 | Lair:6   | Found a staircase to the Snake Pit.
 22242 | Lair:8   | Entered Level 8 of the Lair of Beasts
 22426 | Lair:8   | Reached skill level 10 in Invocations
 23381 | Lair:8   | Learned a level 5 spell: Lee's Rapid Deconstruction
 23391 | Lair:8   | Learned a level 9 spell: Tornado
 23674 | Orc:1    | Entered Level 1 of the Orcish Mines
 23722 | Orc:1    | Reached XP level 16. HP: 125/138 MP: 22/22
 23746 | Orc:1    | Found Hacaas's Antique Weapon Emporium.
 23877 | Orc:1    | Found a roughly hewn altar of Beogh.
 24047 | Orc:2    | Entered Level 2 of the Orcish Mines
 24061 | Orc:2    | Noticed Donald
 24071 | Orc:2    | Killed Donald
 24285 | Orc:2    | Found Tipt's Distillery.
 24285 | Orc:2    | Found Gafely's Gadget Boutique.
 24285 | Orc:2    | Found Ysyotzig's Magic Scroll Shop.
 24313 | Orc:2    | Found Cean's General Store.
 24314 | Orc:2    | Reached skill level 1 in Air Magic
 24489 | Orc:2    | Noticed Maud
 24553 | Orc:2    | Killed Maud
 24634 | Orc:2    | Found a staircase to the Elven Halls.
 24691 | Orc:2    | Bought a scroll of blinking for 105 gold pieces
 24692 | Orc:2    | Bought a potion of heal wounds for 70 gold pieces
 24692 | Orc:2    | Bought a potion of curing for 42 gold pieces
 24692 | Orc:2    | Bought a potion of curing for 42 gold pieces
 24693 | Orc:2    | Bought a scroll of identify for 28 gold pieces
 24693 | Orc:2    | Bought a scroll of identify for 28 gold pieces
 24693 | Orc:2    | Bought a scroll of identify for 28 gold pieces
 24693 | Orc:2    | Bought a scroll of identify for 28 gold pieces
 24693 | Orc:2    | Bought a scroll of identify for 28 gold pieces
 24693 | Orc:2    | Bought a scroll of identify for 28 gold pieces
 24693 | Orc:2    | Bought a scroll of teleportation for 42 gold pieces
 24693 | Orc:2    | Bought a scroll of fear for 49 gold pieces
 24693 | Orc:2    | Bought a scroll of fear for 49 gold pieces
 24693 | Orc:2    | Bought a scroll of fear for 49 gold pieces
 24693 | Orc:2    | Bought a scroll of fog for 28 gold pieces
 25293 | Snake:1  | Entered Level 1 of the Snake Pit
 25391 | Snake:1  | Reached skill level 18 in Unarmed Combat
 25545 | Snake:1  | Noticed Roxanne
 25600 | Snake:1  | Reached skill level 5 in Evocations
 26638 | Snake:2  | Noticed a greater naga
 26644 | Snake:2  | Killed a greater naga
 26766 | Snake:2  | Noticed Nikola
 27343 | Snake:2  | Found an ancient bone altar of Kikubaaqudgha.
 27381 | Snake:2  | Noticed Kirke
 27396 | Snake:2  | Noticed a sphinx
 27397 | Snake:2  | Killed Kirke
 27726 | Snake:2  | Reached XP level 17. HP: 143/148 MP: 23/23
 28197 | Snake:3  | Reached skill level 10 in Shields
 28212 | Snake:3  | Killed from afar by Nikola

Skill      XL: |  1  2  3  4  5  6  7  8  9 10 11 12 13 14 15 16 17 |
---------------+----------------------------------------------------+-----
Unarmed Combat | 1 2 3 4 5 6 10 11 13 14 15 16 17 18 | 18.5
Fighting       | 1 2 3 4 5 7 8 9 10 11 12 | 12.9
Armour         | 1 2 3 5 7 8 9 |  9.8
Shields        | 1 2 3 4 5 6 7 8 9 10 | 10.0
Invocations    | 2 4 6 8 9 10 | 10.0
Maces & Flails | 2 |  2.1
Dodging        | 4 6 7 8 |  8.0
Evocations     | 3 6 |  6.7
Spellcasting   | 3 4 |  4.0
Air Magic      | 2 |  2.8
Stealth        | |  2.1
Transmutations | |  0.8
Earth Magic    | |  3.2

Action                   |  1- 3 |  4- 6 |  7- 9 | 10-12 | 13-15 | 16-18 || total
-------------------------+-------+-------+-------+-------+-------+-------++-------
Melee: Unarmed           |     9 |       |    70 |   727 |  1492 |   541 ||  2839
       Whip              |   112 |   187 |   515 |       |       |       ||   814
       Punch             |     1 |       |       |       |       |       ||     1
       Battleaxe         |       |       |     7 |       |       |       ||     7
       Demon whip        |       |       |       |     4 |       |       ||     4
Throw: Javelin           |     2 |     2 |       |     1 |    10 |     2 ||    17
 Cast: Sandblast         |     2 |       |       |       |       |       ||     2
Invok: Slouch            |       |       |       |     6 |     8 |     9 ||    23
       Temporal Distorti |       |       |       |       |       |     3 ||     3
Evoke: Wand              |       |       |     3 |    13 |       |       ||    16
       Box of beasts     |       |       |       |       |     4 |     2 ||     6
  Use: Scroll            |     4 |     3 |     7 |     7 |    16 |     6 ||    43
       Potion            |       |     2 |     3 |     6 |     1 |       ||    12
 Stab: Sleeping          |     2 |       |       |       |       |       ||     2
       Invisible         |       |       |     2 |       |       |       ||     2
       Distracted        |       |       |       |     1 |     2 |     1 ||     4
  Eat: Chunk             |     7 |    13 |    31 |    80 |    75 |    39 ||   245
Armor: Robe              |     6 |       |       |       |       |       ||     6
       Scale mail        |    57 |   127 |   341 |   207 |     5 |       ||   737
       Troll leather arm |       |       |       |     5 |       |       ||     5
       Plate armour      |       |       |       |       |   461 |   130 ||   591
Dodge: Dodged            |    67 |    27 |   223 |   180 |   340 |   194 ||  1031
Block: Shield            |       |    64 |   279 |   375 |    99 |   387 ||  1204
       Large shield      |       |       |       |       |  1296 |    27 ||  1323
       Reflection        |       |       |       |       |       |    37 ||    37
